 Dungeon Crawl Stone Soup version 0.31-a0-472-g43a2ca8e1b (webtiles) character file.

Game seed: 9852082083795694483

5269 Ethylacetat the Mimic (level 10, -7/46 HPs)
             Began as an Octopode Shapeshifter on Aug 6, 2023.
             Was an Initiate of Gozag.
             Mangled by Psyche
             ... wielding a +3 dagger of distortion
              (20 damage)
             ... on level 8 of the Dungeon.
             The game lasted 00:14:03 (7836 turns).

Ethylacetat the Mimic (Octopode Shapeshifter)       Turns: 7836, Time: 00:14:03

Health: -7/46      AC: 23    Str: 25    XL:     10   Next: 62%
Magic:  10/10      EV: 13    Int: 11    God:    Gozag
Gold:   421        SH:  0    Dex: 21    Spells: 9/9 levels left

rFire   + . .        A - +7 demon blade of Waihait {elec, *Corrode Fragile Str+5}
rCold   . . .        (no shield)
rNeg    + . .        (helmet restricted)
rPois   ∞            (no amulet)
rElec   +            l - ring of flight
rCorr   .            t - +6 ring of strength
SInv    .            C - ring of protection from cold
Will    .....        B - ring "Foutib" {Fire rPois Dex+4}
Stlth   +++          (no ring)
HPRegen 0.27/turn    (no ring)
MPRegen 0.12/turn    (no ring)
                     (no ring)

%: corrode self (3%)
@: statue-form, corroded, gold aura, flying, hasted, quick
A: slow and powerful, torment resistance 1, reduced hp, almost no armour,
amphibious, 8 rings, camouflage 1, (gelatinous body 1), (nimble swimmer 1),
tentacles
a: Begin Untransformation, Renounce Religion, Potion Petition, Call Merchant,
Bribe Branch


You were on level 8 of the Dungeon.
You worshipped Gozag.
Gozag was aware of your devotion.
You were a living statue of rough stone.
You visited 1 branch of the dungeon, and saw 8 of its levels.

You collected 1281 gold pieces.
You spent 860 gold pieces at shops.

Inventory:

Hand Weapons
 A - the +7 demon blade of Waihait (weapon) {elec, *Corrode Fragile Str+5}
   (You bought it in a shop on level 4 of the Dungeon)

   Str:       It affects your strength (+5).
   *Corrode:  It may corrode you when you take damage.
   Fragile:   It will be destroyed if unequipped.
Jewellery
 l - a ring of flight (left tentacle)
 t - a +6 ring of strength (right tentacle)
 B - the ring "Foutib" (on tentacle) {Fire rPois Dex+4}
   (You found it on level 7 of the Dungeon)

   [ring of fire]

   It enhances your fire magic.
   Dex:       It affects your dexterity (+4).
   rF:        It protects you from fire.
   rC:        It makes you vulnerable to cold.
   rPois:     It protects you from poison.
 C - a ring of protection from cold (on tentacle)
Talismans
 f - a granite talisman (active)
 o - a serpent talisman
Wands
 u - a wand of flame (22)
 x - a wand of digging (3)
Scrolls
 c - 2 scrolls of fog
 e - 11 scrolls of teleportation
 g - 13 scrolls of identify
 h - a scroll of silence {unknown}
 j - 2 scrolls of poison {unknown}
 k - a scroll of fear {unknown}
 p - a scroll of enchant armour {unknown}
 r - a scroll of immolation {unknown}
 s - a scroll of vulnerability {unknown}
 y - a scroll of blinking {unknown}
 z - a scroll of revelation
Potions
 a - 4 potions of lignification
 b - a potion of heal wounds {unknown}
 d - 3 potions of mutation {unknown}
 i - a potion of magic {unknown}
 m - a potion of brilliance {unknown}
 n - a potion of haste
 q - a potion of degeneration {unknown}
 v - 3 potions of curing
 w - 2 potions of resistance {unknown}


   Skills:
 + Level 8.0 Fighting
 - Level 2.0 Dodging
 - Level 7.8 Unarmed Combat
 * Level 10.0 Shapeshifting


You had 9 spell levels left.
You didn't know any spells.
Your spell library contained the following spells:

 Spells                   Type           Power      Damage    Failure   Level
 Shock                    Conj/Air       0%         1d3       34%         1
 Inner Flame              Hex/Fire       0%         N/A       71%         3
 Swiftness                Air            0%         N/A       71%         3
 Airstrike                Air            0%         2d(0-16)  98%         4
 Flame Wave               Conj/Fire      0%         2d4       98%         4
 Sticky Flame             Conj/Fire      0%         2d3       98%         4


Dungeon Overview and Level Annotations

Branches:
Dungeon (8/15)             Temple (0/1) D:7
   Lair: D:8-11

Altars:
Gozag
Okawaru

Shops:
D:4 *?*[   D:7 (*

Annotations:
D:8 Erica, Maurice, Psyche


Innate Abilities, Weirdness & Mutations

You are a living statue of rough stone.
Your actions are slow, but your melee attacks are powerful.
You are resistant to unholy torment.
Your maximum health is decreased, since you lack skill for your form.
You cannot wear most types of armour.
You are amphibious.
You can wear up to eight rings at the same time.
You are immune to poison.
Your skin changes colour to match your surroundings (Stealth+).
((Your rubbery body absorbs attacks. (AC +1, EV +1)))
((You are camouflaged when in or above water. (Stealth+)))
You have tentacles for arms and can constrict up to eight enemies at once.


Message History

The centaur kicks you but does no damage.
The steam dragon closely misses you.
The steam dragon claws you but does no damage.
The manticore misses you.
The manticore claws you but does no damage.
The manticore completely misses you.
You hear a shout!
You hear a bellow!
You hear a shout!
It was a potion of curing.
You feel better.
You carefully extract the barbed spikes from your body.
Psyche looks encouraged for a moment.
The centaur barely misses you. The centaur closely misses you.
Psyche mumbles some strange words.
A swirling arc of seething chaos appears!
The arc of chaos hits you. You resist. The manticore barely misses you.
The manticore completely misses you.
The manticore claws you but does no damage.
The steam dragon barely misses you.
The steam dragon claws you but does no damage.
You slice the manticore!!
The manticore is almost dead.
The centaur closely misses you.
The centaur kicks you but does no damage.
The centaur hits you but does no damage.
The centaur kicks you but does no damage.
The manticore bites you but does no damage.
The manticore barely misses you. The manticore misses you.
The steam dragon bites you but does no damage.
The steam dragon closely misses you.
You hit the manticore.
Lightning courses through the manticore!!
You kill the manticore!
The centaur hits you. The centaur barely misses you. Psyche misses you.
The steam dragon breathes steam at you. The ball of steam hits you. You resist.
* * * LOW HITPOINT WARNING * * *
The orc wizard sings a few bars from the Orcish anthem.
The centaur closely misses you. The centaur barely misses you.
Psyche hits you but does no damage. Space warps horribly around you!!
You die...
Your body crumbles into a pile of gold.

# # # #############
##?.........# ..
....#.#####.#########...
##..#.........§§........
'..............§.@......
#####.#.########8######
$ ........#


♣czD♣ ####.##.# ♣o♣.♣ #....# ♣. .♣ ###### ♣. .♣ .. .. ## ## You could see
Psyche, a steam dragon (catching breath), a centaur, a wight and an orc wizard.

Vanquished Creatures
  Amaemon (D:7)
  Pikel (D:5)
  A manticore (D:8)
  An orange demon (D:8)
  Sigmund (D:6)
  A vampire (D:7)
  Eustachio (D:5)
  A wyvern (D:8)
  4 steam dragons
  Edmund (D:4)
  Menkaure (D:6)
  A water moccasin (D:4)
  2 ice beasts
  An orc warrior (D:6)
  4 sky beasts
  3 ogres (D:5)
  3 centaurs
  2 phantoms
  3 kobold brigands
  A gnoll sergeant (D:6)
  2 scorpions
  A bullfrog (D:7)
  2 howler monkeys
  2 hounds
  A jelly (D:5)
  A gnoll bouda (D:6)
  Crazy Yiuf (D:6)
  An orc priest (D:7)
  Jessica (D:3)
  4 iguanas
  A sleepcap (D:5)
  5 orc wizards
  11 gnolls
  13 adders
  A shadow imp (D:5)
  2 ufetubi
  6 dart slugs
  2 worms
  19 orcs
  8 bats
  6 endoplasms
  5 giant cockroaches
  6 goblins
  5 hobgoblins
  2 jackals (D:1)
  12 kobolds
  5 ball pythons
  2 frilled lizards (D:1)
  6 rats
167 creatures vanquished.

Notes
Turn   | Place    | Note
-------+----------+-------------------------------------------
     0 | D:1      | Ethylacetat the Octopode Shapeshifter began the quest for
                  | the Orb.
     0 | D:1      | Reached XP level 1. HP: 13/13 MP: 1/1
    70 | D:1      | Reached XP level 2. HP: 12/18 MP: 2/2
   487 | D:1      | Reached XP level 3. HP: 18/23 MP: 3/3
  1412 | D:2      | Found a faded altar of an unknown god.
  1435 | D:2      | Prayed at the altar of an unknown god.
  1435 | D:2      | Became a worshipper of Gozag Ym Sagoz the Greedy
  1621 | D:3      | Reached XP level 4. HP: 29/29 MP: 4/4
  1660 | D:3      | Noticed Jessica
  1673 | D:3      | Killed Jessica
  1842 | D:3      | Reached skill level 4 in Shapeshifting
  1842 | D:3      | Reached XP level 5. HP: 35/35 MP: 5/5
  2276 | D:3      | Reached XP level 6. HP: 24/41 MP: 6/6
  2467 | D:4      | Noticed Edmund
  2479 | D:4      | Killed Edmund
  2620 | D:4      | Found Raler's Assorted Antiques.
  2629 | D:4      | Bought a scroll labelled ARUTSU AFAAN for 19 gold pieces
  2629 | D:4      | Bought a forked silver wand for 76 gold pieces
  2647 | D:4      | Reached skill level 5 in Shapeshifting
  2726 | D:4      | Found an iron altar of Okawaru.
  2758 | D:4      | Noticed a water moccasin
  2767 | D:4      | Killed a water moccasin
  2768 | D:4      | Reached XP level 7. HP: 34/46 MP: 7/7
  2827 | D:4      | Found Jusyes's General Store.
  2833 | D:4      | Bought a potion of haste for 100 gold pieces
  2833 | D:4      | Bought a scroll of identify for 20 gold pieces
  2945 | D:4      | Found Bosodiza's Magic Scroll Emporium.
  2948 | D:4      | Bought a scroll of teleportation for 42 gold pieces
  2948 | D:4      | Bought a scroll of noise for 14 gold pieces
  3196 | D:4      | Found Zoxepp's Armour Shop.
  3246 | D:5      | Entered Level 5 of the Dungeon
  3328 | D:5      | Noticed Pikel
  3334 | D:5      | Killed Pikel
  3335 | D:5      | Reached skill level 5 in Unarmed Combat
  3335 | D:5      | Reached skill level 6 in Shapeshifting
  3335 | D:5      | Reached XP level 8. HP: 36/54 MP: 8/8
  3623 | D:5      | Reached skill level 5 in Fighting
  4116 | D:5      | Noticed Eustachio
  4123 | D:5      | Killed Eustachio
  4124 | D:5      | Reached skill level 7 in Shapeshifting
  4351 | D:5      | Reached XP level 9. HP: 58/61 MP: 9/9
  4586 | D:6      | Found a runed translucent door.
  4587 | D:6      | Noticed Crazy Yiuf
  4594 | D:6      | Killed Crazy Yiuf
  4868 | D:6      | Reached skill level 8 in Shapeshifting
  5049 | D:6      | Noticed Menkaure
  5067 | D:6      | Killed Menkaure
  5755 | D:6      | Noticed Sigmund
  5773 | D:6      | Killed Sigmund
  5803 | D:6      | Identified the +1 trident of Ghostly Forgiveness {drain,
                  | rC+}
  6246 | D:7      | Found a staircase to the Ecumenical Temple.
  6300 | D:7      | Reached XP level 10. HP: 55/69 MP: 10/10
  6541 | D:7      | Reached skill level 9 in Shapeshifting
  6706 | D:7      | Found Qetum's General Store.
  6714 | D:7      | Bought a scroll of identify for 24 gold pieces
  6714 | D:7      | Bought a scroll of identify for 24 gold pieces
  6883 | D:4      | Bought a scroll of revelation for 105 gold pieces
  6883 | D:4      | Bought a scroll of fog for 56 gold pieces
  6925 | D:4      | Bought a shimmering demon blade for 380 gold pieces
  6925 | D:4      | Identified the +7 demon blade of Waihait {elec, *Corrode
                  | Fragile Str+5} (You bought it in a shop on level 4 of the
                  | Dungeon)
  7167 | D:7      | Found Weotisue's Antique Weapon Emporium.
  7222 | D:7      | Identified the ring "Foutib" {Fire rPois Dex+4}
  7540 | D:8      | Noticed Maurice
  7540 | D:8      | Noticed Erica
  7656 | D:8      | Noticed Amaemon
  7659 | D:8      | Noticed an orange demon
  7733 | D:7      | Killed Amaemon
  7741 | D:8      | Killed an orange demon
  7742 | D:8      | Reached skill level 10 in Shapeshifting
  7829 | D:8      | Noticed a manticore
  7831 | D:8      | Noticed Psyche
  7836 | D:8      | Killed a manticore
  7836 | D:8      | Mangled by Psyche

Illustrated notes

Levels and vault maps discovered:
D:1:      dpeg_arrival_lava_temple_mockup, layout_loops_ring, minmay_3d_cube
D:2:      layout_basic, hellmonk_ecumenical_altar_heavens_door
D:3:      layout_loops_ring, minivault_23, uniq_jessica
D:4:      layout_loops_cross, okawaru_metal_pillars_1_2, serial_shops, shop,
          nicolae_lakefront_shop, kennysheep_little_box, nicolae_shop_rolled_up,
          nicolae_elevator_lobby_asterisk, uniq_edmund
D:5:      layout_basic, nicolae_half_adder, uniq_eustachio, uniq_pikel
D:6:      cheibrodos_steamvent, layout_basic, uniq_crazy_yiuf_cottage,
          uniq_sigmund, uniq_menkaure
D:7:      layout_loops_ring, minmay_temple_entry_slanted, serial_shops, shop,
          shop, amcnicky_mini_pool_medium
D:8:      nzn_winding_woodlands_cross [nzn_winding_woodlands_5x15_sidewinder,
          nzn_winding_woodlands_5x15_jagged,
          nzn_winding_woodlands_5x15_river_crossing,
          nzn_winding_woodlands_5x15_twine,
          nzn_winding_woodlands_15x15_five_gardens], layout_basic,
          nicolae_tso_swordbearing_angel, ebering_ghost_funeral_grove,
          uniq_amaemon, uniq_psyche, uniq_maurice, uniq_erica

Skill      XL: |  1  2  3  4  5  6  7  8  9 10 |
---------------+-------------------------------+-----
Fighting       | 2 3 4 5 6 8 |  8.0
Shapeshifting  | 4 5 6 7 8 10 | 10.0
Unarmed Combat | 4 5 6 7 |  7.8
Dodging        | |  2.0

Action                     |  1- 3 |  4- 6 |  7- 9 | 10-12 || total
---------------------------+-------+-------+-------+-------++-------
  Melee: Unarmed           |    72 |    84 |   183 |    30 ||   369
         Constrict         |    23 |    18 |    42 |     5 ||    88
         Tentacles         |    14 |     7 |       |     4 ||    25
         Punch             |     1 |     1 |       |     1 ||     3
         Demon blade       |       |       |       |    32 ||    32
  Evoke: Wand              |       |       |    15 |       ||    15
    Use: Potion            |       |       |     1 |     2 ||     3
   Stab: Sleeping          |     5 |     4 |       |     2 ||    11
         Distracted        |       |       |       |     2 ||     2
 Armour: Skin              |     7 |    17 |    77 |   105 ||   206
  Dodge: Dodged            |    30 |    34 |    77 |    70 ||   211
   Form: Anaconda          |       |     1 |       |       ||     1
         Statue            |       |       |       |     1 ||     1

Table legend: (Time is in decaauts)
 A = Elapsed time spent in this place.
 B = Non-inter-level travel time spent in this place.
 C = Inter-level travel time spent in this place.
 D = Time resting spent in this place.
 E = Time spent auto-exploring this place.
 F = Levels seen in this place.
 G = Mean time per level.
                   A        B        C        D        E       F      G
               +--------+--------+--------+--------+--------+-----+--------+
         Total |   8245 |   7622 |    623 |    544 |   5965 |   8 | 1030.6 |
       Dungeon |   8245 |   7622 |    623 |    544 |   5965 |   8 | 1030.6 |
               +--------+--------+--------+--------+--------+-----+--------+

Top non-repeatable levels by time:
     D:6: 1819 daAuts
     D:7: 1495 daAuts
     D:5: 1286 daAuts
     D:4: 959 daAuts
     D:2: 817 daAuts
     D:1: 793 daAuts
     D:3: 786 daAuts
     D:8: 288 daAuts
